 Dungeon Crawl Stone Soup version 0.27.1-34-g3ba077fa99 (webtiles) character file.

Game seed: 10265420714990911818

33 H0rd4k the Charlatan (level 3, 0/26 HPs)
             Began as a Human Artificer on Jan 18, 2022.
             Slain by a hobgoblin (2 damage)
             ... on level 2 of the Dungeon.
             The game lasted 00:01:21 (2199 turns).

H0rd4k the Charlatan (Human Artificer)              Turns: 2199, Time: 00:01:22

Health: 0/26       AC:  3    Str: 13    XL:     3   Next: 47%
Magic:  3/3        EV: 11    Int: 11    God:
Gold:   74         SH:  0    Dex: 13    Spells: 2/2 levels left

rFire    . . .     SeeInvis .   a - +0 club
rCold    . . .     Faith    .   (no shield)
rNeg     . . .     Spirit   .   b - +0 leather armour
rPois    .         Reflect  .   (no helmet)
rElec    .         Harm     .   (no cloak)
rCorr    .         Rampage  .   (no gloves)
Will     .....                  (no boots)
Stlth    +.........             (no amulet)
HPRegen  0.08/turn              (no ring)
MPRegen  0.08/turn              (no ring)

@: no status effects
A: no striking features
a: no special abilities


You were on level 2 of the Dungeon.
You visited 1 branch of the dungeon, and saw 2 of its levels.

You collected 74 gold pieces.

Inventory:

Hand Weapons
 a - a +0 club (weapon)
Missiles
 h - 6 poisoned darts
Armour
 b - a +0 leather armour (worn)
Magical Staves
 l - a staff of conjuration
Wands
 c - a wand of flame (11) (quivered)
 d - a wand of charming (15)
Scrolls
 f - a scroll of immolation {unknown}
 g - a scroll of torment {unknown}
 k - a scroll of identify {unknown}
 m - a scroll of enchant weapon {unknown}
 n - a scroll of blinking {unknown}
Potions
 i - a potion of brilliance {unknown}
 j - a potion of curing {unknown}
Miscellaneous
 e - a piece from Xom's chessboard (15/15)


   Skills:
 + Level 1.4 Fighting
 - Level 2.0 Armour
 + Level 1.3 Dodging
 - Level 1.0 Stealth
 + Level 4.0 Evocations


You had 2 spell levels left.
You didn't know any spells.
Your spell library contained the following spells:

 Spells                   Type           Power      Damage    Failure   Level
 Dazzling Flash           Conj/Hex       0%         N/A       80%         3
 Iskenderun's Mystic Bla  Conj/Tloc      0%         2d3       99%         4
 Starburst                Conj/Fire      0%         6d3       100%        6


Dungeon Overview and Level Annotations

Branches:
Dungeon (2/15)

Altars:


Message History

You hit the hobgoblin but do no damage. The hobgoblin hits you.
You hit the hobgoblin.
The hobgoblin is moderately wounded.
The hobgoblin barely misses you.
You barely miss the hobgoblin.
The hobgoblin is moderately wounded.
The hobgoblin barely misses you.
You barely miss the hobgoblin.
The hobgoblin is lightly wounded.
The hobgoblin closely misses you. The hobgoblin barely misses you.
You hit the hobgoblin.
The hobgoblin is heavily wounded.
The hobgoblin hits you.
You barely miss the hobgoblin.
The hobgoblin is heavily wounded.
The hobgoblin hits you.
You closely miss the hobgoblin.
The hobgoblin is heavily wounded.
The hobgoblin hits you. The hobgoblin barely misses you.
You hit the hobgoblin.
The hobgoblin is almost dead.
The hobgoblin hits you but does no damage.
You completely miss the hobgoblin.
The hobgoblin is almost dead.
The hobgoblin hits you but does no damage.
You hit the hobgoblin.
The hobgoblin is almost dead.
The hobgoblin hits you. x2
* * * LOW HITPOINT WARNING * * *
You barely miss the hobgoblin.
The hobgoblin is almost dead.
The hobgoblin barely misses you.
You barely miss the hobgoblin.
The hobgoblin is almost dead.
The hobgoblin hits you.
* * * LOW HITPOINT WARNING * * *
You closely miss the hobgoblin.
The hobgoblin is almost dead.
The hobgoblin hits you.
You die...

#........#.###.########
........# #.#
.......#.###.#
#.....##.....#
#.....######.#######
#.<.......).........
#.)..............###
#................#
#....).#####@#####
#.......####g##
#.....#.#.†...#
####.##.......#
#####.###......#
##..........##.##
#.........#.##.#
#.........#..#.#
#.).......##.#.#


You could see a hobgoblin.

Vanquished Creatures
  An adder (D:2)
  5 endoplasms
  2 hobgoblins (D:1)
  2 quokkas
  A ball python (D:1)
  2 bats (D:1)
  A frilled lizard (D:1)
  4 goblins (D:2)
  A kobold (D:2)
  5 rats
24 creatures vanquished.

Notes
Turn   | Place    | Note
-------+----------+-------------------------------------------
     0 | D:1      | H0rd4k the Human Artificer began the quest for the Orb.
     0 | D:1      | Reached XP level 1. HP: 15/15 MP: 1/1
   791 | D:1      | Reached XP level 2. HP: 6/21 MP: 2/2
  2063 | D:2      | Reached XP level 3. HP: 24/26 MP: 3/3
  2185 | D:2      | Reached skill level 4 in Evocations
  2198 | D:2      | HP: 1/26 [hobgoblin (4)]
  2199 | D:2      | Slain by a hobgoblin

Illustrated notes

Levels and vault maps discovered:
D:1:      dpeg_arrival_central, layout_basic
D:2:      layout_basic

Skill      XL: |  1  2  3 |
---------------+----------+-----
Evocations     | 4 |  4.0
Fighting       | |  1.4
Armour         | |  2.0
Dodging        | |  1.3
Stealth        | |  1.0

Action                   || total
-------------------------++-------
Melee: Club              ||    92
Evoke: Wand              ||     4
Armor: Leather armour    ||    17
Dodge: Dodged            ||    53
